cohdb
Replays
Latest Replays
All Replays
Popular Replays
Top Player Replays
Match Explorer
How It Works
Community
CoH3 Stats
Reddit
Sign in to upload your games and track your stats! →
Sign in with Steam
Match 41959301
Unlisted
Match 41959301
Overview
Messages
Build Orders
End
Selects Italian Combined Arms Battlegroup
Selects Bersaglieri Squad
Bersaglieri Squad
Bersaglieri Squad
250 Light Carrier
Bersaglieri Squad
Construct Light Support Kompanie
Selects Bersaglieri Bolster
Fire Support Elements
Pak 38 Mechanized Group
Selects Breda Model 30 Light Machine Guns
Veteran Squad Leaders
Bersaglieri Squad
2.5-tonne Medical Truck
Selects Semovente da 75/18 Assault Gun
Semovente da 75/18 Assault Gun
Selects Carro Armato M13/40 Light Tank
Bersaglieri Squad
Flakvierling Half-track
Selects Pact of Steel
Carro Armato M13/40 Light Tank
Vehicle Survival Package
Carro Armato M13/40 Light Tank
Construct Panzerarmee Kommand
Dawes
EBANATOR
Solidcake
Yami
anelson81
橘Orange
kjsbd2
Jangbihwan
0
0
Comments
sign in to comment!
No comments posted yet!